 Dungeon Crawl Stone Soup version 0.21.1-1-g345015fe64 (webtiles) character file.

82 RaHiT the Skirmisher (level 4, -1/40 HPs)
             Began as a Ghoul Monk on Apr 10, 2018.
             Was a Believer of Okawaru.
             Slain by Grinder (6 damage)
             ... on level 3 of the Dungeon.
             The game lasted 00:05:54 (1365 turns).

RaHiT the Skirmisher (Ghoul Monk)                   Turns: 1365, Time: 00:05:55

Health: -1/40      AC:  2    Str: 15    XL:     4   Next: 43%
Magic:  3/3        EV: 13    Int:  5    God:    Okawaru [**....]
Gold:   65         SH:  0    Dex: 11    Spells: 3/3 levels left

rFire    . . .     SeeInvis .     - Unarmed
rCold    + . .     Gourm    .   (no shield)
rNeg     + + +     Faith    .   a - +0 robe
rPois    ∞         Spirit   .   (no helmet)
rElec    .         Reflect  .   (no cloak)
rCorr    .         Harm     .   (no gloves)
MR       .....                  (no boots)
Stlth    +++.......             (no amulet)
HPRegen  0.00/turn              d - +4 ring of slaying
MPRegen  0.08/turn              k - ring of stealth (curse)

@: rotting
A: rotting body, claws 1, carnivore, cold resistance 1, negative energy
resistance 3, inhibited regeneration, torment resistance, unbreathing
a: Heroism, Renounce Religion


You were on level 3 of the Dungeon.
You worshipped Okawaru.
Okawaru was pleased with you.
You were not hungry.

You visited 1 branch of the dungeon, and saw 3 of its levels.

You collected 65 gold pieces.

Inventory:

Hand Weapons
 j - a cursed -1 whip
Missiles
 c - 68 stones (quivered)
Armour
 a - a +0 robe (worn)
Jewellery
 d - a +4 ring of slaying (left claw)
 k - a cursed ring of stealth (right claw)
Scrolls
 e - a scroll of fog {unknown}
 f - a scroll of amnesia {unknown}
 h - a scroll of magic mapping {unknown}
 l - a scroll of remove curse {unknown}
 n - a scroll of teleportation {unknown}
Potions
 g - a potion of lignification {unknown}
 m - a potion of berserk rage {unknown}
Comestibles
 b - 7 rations
 i - 5 chunks of flesh


   Skills:
 * Level 4.2 Fighting
 + Level 1.2 Throwing
 - Level 3.0 Dodging
 - Level 2.1 Stealth
 * Level 4.2 Unarmed Combat


You had 3 spell levels left.
You didn't know any spells.

Dungeon Overview and Level Annotations

Branches:
Dungeon (3/15)

Altars:
Makhleb
Okawaru

Annotations:
D:3 Grinder


Innate Abilities, Weirdness & Mutations

Your body is rotting away.
You thrive on raw meat.
You are immune to poison.
You have sharp fingernails.
You are carnivorous and can eat meat at any time.
Your flesh is cold resistant. (rC+)
You are immune to negative energy. (rN+++)
You do not regenerate when monsters are visible.
You are immune to unholy pain and torment.
You can survive without breathing.


Message History

Grinder is severely wounded.
Grinder hits you.
You scratch Grinder.
Grinder is severely wounded.
Grinder blinks!
Throwing (i - inventory):
c - 69 stones (quivered)
Press: ? - help, Shift-Dir - straight line, f/p - Grinder
Aim: Grinder (severely wounded)
You throw a stone. The stone closely misses Grinder.
The frilled lizard bites you.
You barely miss the frilled lizard. The frilled lizard barely misses you.
You barely miss the frilled lizard. Grinder hits you!
* * * LOW HITPOINT WARNING * * *
The frilled lizard bites you.
* * * LOW HITPOINT WARNING * * *
Unknown command.
You scratch Grinder.
Grinder is almost dead.
Grinder hits you.
You die...

##..# ....
#..# # #..#
.# #..###.#
#.<....##
##.##..(#..
#.........
##@5...##.
#l#...#
.(.......
..(..8..##
........)..
....(.)...##
............
#..(..(>.....


You could see Grinder and a frilled lizard.

Vanquished Creatures
  3 gnolls (D:2)
  An ooze (D:2)
  2 dart slugs (D:2)
  3 bats
  9 goblins
  6 hobgoblins
  2 jackals (D:2)
  A ball python (D:1)
  3 frilled lizards (D:2)
  10 kobolds
  6 rats
46 creatures vanquished.

Notes
Turn   | Place    | Note
-------+----------+-------------------------------------------
     0 | D:1      | RaHiT the Ghoul Monk began the quest for the Orb.
     0 | D:1      | Reached XP level 1. HP: 19/19 MP: 0/0
   201 | D:1      | Reached XP level 2. HP: 24/25 MP: 1/1
   702 | D:2      | Found an iron altar of Okawaru.
   735 | D:2      | Became a worshipper of Warmaster Okawaru
   735 | D:2      | Reached * piety under Okawaru
   735 | D:2      | Reached ** piety under Okawaru
   746 | D:2      | Reached XP level 3. HP: 30/32 MP: 2/2
   804 | D:2      | Reached skill level 1 in Throwing
   883 | D:2      | Reached XP level 4. HP: 39/40 MP: 3/3
  1272 | D:2      | Found a burning altar of Makhleb.
  1342 | D:3      | Noticed Grinder
  1343 | D:3      | Paralysed by Grinder for 6 turns
  1353 | D:3      | Paralysed by Grinder for 2 turns
  1365 | D:3      | Slain by Grinder

Skill      XL: |  1  2  3 |
---------------+----------+-----
Throwing       | 1 |  1.2
Fighting       | 4 |  4.2
Dodging        | 3 |  3.0
Unarmed Combat | 4 |  4.2
Stealth        | |  2.1

Action                   |  1- 3 |  4- 6 || total
-------------------------+-------+-------++-------
Melee: Unarmed           |    43 |    40 ||    83
       Punch             |     1 |       ||     1
Throw: Stone             |    38 |    20 ||    58
 Stab: Sleeping          |     2 |       ||     2
  Eat: Chunk             |    13 |     5 ||    18
Armor: Robe              |     4 |     3 ||     7
Dodge: Dodged            |    25 |    20 ||    45
